 Dungeon Crawl Stone Soup version 0.31-a0-233-g139696dc86 (webtiles) character file.

Game seed: 16540685923109041857

476 Decritt the Cudgeller (level 6, -10/94 HPs)
             Began as a Troll Berserker on July 8, 2023.
             Was a Priest of Trog.
             Mangled by a wyvern (17 damage)
             ... on level 4 of the Dungeon.
             The game lasted 00:06:56 (2692 turns).

Decritt the Cudgeller (Troll Berserker)             Turns: 2692, Time: 00:06:56

Health: -10/94     AC:  4    Str: 28    XL:     6   Next: 85%
Magic:  5/5        EV: 10    Int:  3    God:    Trog [***...]
Gold:   185        SH:  5    Dex:  9    Spells: 5/5 levels left

rFire   . . .        g - +2 spear (vamp)
rCold   . . .        (no shield)
rNeg    . . .        b - +0 animal skin
rPois   .            (helmet restricted)
rElec   .            (no cloak)
rCorr   .            (gloves unavailable)
SInv    .            (boots unavailable)
Will    .....        h - amulet of reflection Stlth
                     (no ring)
HPRegen 1.15/turn    (no ring)
MPRegen 0.09/turn

%: reflection
@: berserking, weakened, very quick
A: large, unfitting armour, claws 3, regeneration 1, shaggy fur 1, tough skin 1
a: Renounce Religion, Berserk, Trog's Hand


You were on level 4 of the Dungeon.
You worshipped Trog.
Trog was most pleased with you.
You visited 1 branch of the dungeon, and saw 5 of its levels.

You collected 185 gold pieces.

Inventory:

Hand Weapons
 a - a +0 mace
 g - a +2 vampiric spear (weapon)
Missiles
 i - a throwing net
Armour
 b - a +0 animal skin (worn)
Jewellery
 h - an amulet of reflection (around neck)
 m - an amulet of magic regeneration
Wands
 l - a wand of flame (4)
Scrolls
 c - a scroll of blinking {unknown}
 j - a scroll of silence {unknown}
 r - 2 scrolls of identify
Potions
 d - 4 potions of attraction
 e - 2 potions of curing
 f - 3 potions of heal wounds {unknown}
 k - a potion of cancellation {unknown}


   Skills:
 * Level 4.5 Fighting
 * Level 4.9 Maces & Flails
 + Level 3.6 Dodging


You had 5 spell levels left.
You didn't know any spells.
Your spell library was empty.

Dungeon Overview and Level Annotations

Branches:
Dungeon (5/15)
 Temple: D:4-7

Altars:


Innate Abilities, Weirdness & Mutations

You are too large for most types of armour.
You have claws for hands.
Your natural rate of healing is unusually fast.
You are covered in fur. (AC +1)
You have tough skin. (AC +1)


Message History

The wyvern bites you!
* * * LOW HITPOINT WARNING * * *
The gnoll bouda gazes fiercely through you!
You feel your attacks grow feeble.
The gnoll bouda hits you with a +0 club.
* * * LOW HITPOINT WARNING * * *
You climb upwards.
There is a stone staircase leading down here.
Okay, then.
You feel better. You block the wyvern's attack.
The gnoll bouda gazes fiercely through you!
You feel as though you will be weak longer.
You block the gnoll bouda's attack. The wyvern barely misses you.
A red film seems to cover your vision as you go berserk!
You feel yourself moving faster!
You feel mighty! The wyvern bites you!
* * * LOW HITPOINT WARNING * * *
The gnoll bouda prays to its god.
The gnoll bouda is healed somewhat.
You puncture the wyvern!
You feel better.
The wyvern is moderately wounded.
The wyvern bites you!
* * * LOW HITPOINT WARNING * * *
The gnoll bouda barely misses you.
You puncture the gnoll bouda!
You feel better.
You kill the gnoll bouda!
Trog accepts your kill.
The wyvern bites you but does no damage.
You barely miss the wyvern.
The wyvern is moderately wounded.
The wyvern bites you.
* * * LOW HITPOINT WARNING * * *
You hit the wyvern.
You feel better.
The wyvern is moderately wounded.
You block the wyvern's attack.
You closely miss the wyvern.
The wyvern is moderately wounded.
The wyvern bites you!
* * * LOW HITPOINT WARNING * * *
The wyvern bites you!
You die...

#.#
#.#.....................
#.###
#.###################.##
#...# #.# #.# ###.#
#.######### #.#
#.###.#.......# #[#
#...)....####.###########.#
#..#####.# #.......).....#
#..# #.####..#########..##
#..# #..)@l...............
##.# #.####..#####......##
#.#####.# #..#####.###.##
#.......# #........# #.#
######### ##.####### #.#
#.# #.# #.#########.#
#...........# #############


You could see a wyvern.

Vanquished Creatures
  A black bear (D:4)
  An ice beast (D:4)
  An orc priest (D:3)
  A gnoll bouda (D:4)
  A sleepcap (D:4)
  An orc wizard (D:4)
  4 gnolls
  5 adders
  A worm (D:3)
  4 dart slugs
  7 orcs
  5 endoplasms
  6 giant cockroaches
  5 goblins
  7 hobgoblins
  7 quokkas
  9 ball pythons
  4 bats
  3 frilled lizards
  8 kobolds
  6 rats
87 creatures vanquished.

Notes
Turn   | Place    | Note
-------+----------+-------------------------------------------
     0 | D:1      | Decritt the Troll Berserker began the quest for the Orb.
     0 | D:1      | Reached XP level 1. HP: 22/22 MP: 0/0
    76 | D:1      | Reached XP level 2. HP: 29/29 MP: 1/1
   261 | D:1      | Reached XP level 3. HP: 33/36 MP: 2/2
   314 | D:1      | Reached ** piety under Trog
   780 | D:2      | Reached XP level 4. HP: 34/45 MP: 3/3
  1422 | D:3      | HP: 2/45 [orc priest/nerve-wracking pain (6)]
  1548 | D:3      | Reached XP level 5. HP: 45/53 MP: 4/4
  1990 | D:4      | Noticed a black bear
  2008 | D:4      | Killed a black bear
  2009 | D:4      | Reached XP level 6. HP: 23/62 MP: 5/5
  2155 | D:4      | Reached *** piety under Trog
  2631 | D:5      | Entered Level 5 of the Dungeon
  2637 | D:5      | Noticed an ice beast
  2660 | D:4      | Killed an ice beast
  2678 | D:5      | Noticed a wyvern
  2684 | D:5      | HP: 3/63 [gnoll bouda/+0 club (3)]
  2692 | D:4      | Mangled by a wyvern

Illustrated notes

Levels and vault maps discovered:
D:1:      amcnicky_arrival_flooded_fountain, layout_rooms,
          chequers_decorated_corner, hex_intersection, st_stairs_10
D:2:      cheibrodos_helix_gallery, layout_loops_cross,
          kennysheep_big_empty_room, item_on_display_a
D:3:      layout_basic
D:4:      layout_loops_ring
D:5:      layout_cave_pools, minmay_temple_entry_ruins, serial_gnoll_camp,
          gnoll_camp_mini_doghouse, gnoll_camp_mini_doghouse,
          gnoll_camp_huts_moat, gnoll_camp_mini_house

Skill      XL: |  1  2  3  4  5 |
---------------+----------------+-----
Maces & Flails | 3 4 |  4.9
Fighting       | 3 4 |  4.5
Dodging        | 3 |  3.6

Action                     |  1- 3 |  4- 6 || total
---------------------------+-------+-------++-------
  Melee: Mace              |    86 |       ||    86
         Punch             |     2 |     2 ||     4
         Spear             |    23 |   280 ||   303
 Invoke: Berserk           |       |     1 ||     1
         Trog's Hand       |       |     1 ||     1
    Use: Scroll            |       |     6 ||     6
         Potion            |       |     2 ||     2
   Stab: Sleeping          |       |     1 ||     1
 Armour: Animal skin       |    39 |    63 ||   102
  Dodge: Dodged            |    78 |   133 ||   211
  Block: Other             |       |    58 ||    58
         Reflection        |       |     1 ||     1

Table legend: (Time is in decaauts)
 A = Elapsed time spent in this place.
 B = Non-inter-level travel time spent in this place.
 C = Inter-level travel time spent in this place.
 D = Time resting spent in this place.
 E = Time spent auto-exploring this place.
 F = Levels seen in this place.
 G = Mean time per level.
                   A        B        C        D        E       F      G
               +--------+--------+--------+--------+--------+-----+--------+
         Total |   2741 |   2652 |     89 |     62 |   1860 |   5 |  548.2 |
       Dungeon |   2741 |   2652 |     89 |     62 |   1860 |   5 |  548.2 |
               +--------+--------+--------+--------+--------+-----+--------+

Top non-repeatable levels by time:
     D:3: 856 daAuts
     D:4: 701 daAuts
     D:2: 674 daAuts
     D:1: 474 daAuts
     D:5: 35 daAuts
